 Dungeon Crawl Stone Soup version 0.17-a0-1011-gfa70bdd (webtiles) character file.

249 inmateoo the Conjurer (level 5, -6/38 HPs)
             Began as a Draconian Conjurer on May 13, 2015.
             Was a Follower of Ashenzari.
             Mangled by an ogre
             ... wielding a +0 giant club
              (27 damage)
             ... on level 4 of the Dungeon.
             The game lasted 00:08:08 (4465 turns).

inmateoo the Conjurer (Draconian Conjurer)          Turns: 4465, Time: 00:08:08

Health: -6/38      AC:  5    Str: 11    XL:     5   Next: 86%
Magic:  8/8        EV:  7    Int: 16    God:    Ashenzari [*.....]
Gold:   105        SH:  0    Dex: 11    Spells: 3 memorised, 2 levels left

rFire  + . .     SeeInvis .       - Unarmed
rCold  . . .     Clarity  .     (armour unavailable)
rNeg   . . .     SustAb   .     (no shield)
rPois  .         Gourm    .     (helmet restricted)
rElec  .         Spirit   .     (no cloak)
rCorr  .         Warding  .     (no gloves)
rMut   .         Stasis   .     (no boots)
MR     .....                    (no amulet)
Stlth  ++........               (no ring)
                                (no ring)

@: not resistant to hostile enchantments, unstealthy
A: unfitting armour, blink 1, fire resistance 1, cold-blooded, AC +5
a: Blink, Renounce Religion


You were on level 4 of the Dungeon.
You worshipped Ashenzari.
Ashenzari was aware of your devotion.
You were not hungry.

You visited 1 branch of the dungeon, and saw 4 of its levels.

You collected 105 gold pieces.

Inventory:

Missiles
 c - 8 javelins of penetration (quivered)
Jewellery
 n - an uncursed ring of invisibility
Scrolls
 g - 3 scrolls of remove curse
 h - a scroll of teleportation
 k - 2 scrolls of fear
Potions
 d - a potion of lignification {unknown}
 f - a potion of heal wounds
 j - a potion of invisibility {unknown}
 m - a potion of resistance
 o - a potion of haste
Books
 a - a book of Conjurations

   Spells                             Type                      Level
   a - Magic Dart                     Conjuration                  1
   b - Searing Ray                    Conjuration                  2
   c - Dazzling Spray                 Conjuration/Hexes            3
   d - Fulminant Prism                Conjuration/Hexes            4
   e - Iskenderun's Mystic Blast      Conjuration                  4
   f - Iskenderun's Battlesphere      Conjuration/Charms           5
Comestibles
 b - 2 bread rations
 q - a beef jerky
 r - a meat ration


   Skills:
 - Level 1.7 Dodging
 - Level 1.7 Stealth
 * Level 4.7 Unarmed Combat
 - Level 2.0 Spellcasting
 + Level 5.2 Conjurations


You had 2 spell levels left.
You knew the following spells:

 Your Spells              Type           Power        Failure   Level  Hunger
a - Magic Dart            Conj           ###.         2%          1    #......
b - Searing Ray           Conj           ###...       4%          2    ###....
c - Dazzling Spray        Conj/Hex       #.......     21%         3    ###....


Dungeon Overview and Level Annotations

Branches:
Dungeon (4/15)
 Temple: D:4-7

Altars:
Ashenzari


Innate Abilities, Weirdness & Mutations

Your plain brown scales are hard (AC +5).
Your body does not fit into most forms of armour.
You are cold-blooded and may be slowed by cold attacks.
You can translocate small distances at will.
Your flesh is heat resistant.


Message History

Aim: an orc The magic dart hits the orc.
You kill the orc!
Casting: Magic Dart
Confirm with . or Enter, or press ? or * to list all spells.
You can't see any susceptible monsters within range! (Use Z to cast anyway.)
Things that are here:
an uncursed dagger; an uncursed robe You start resting.
Magic restored.
Things that are here:
an uncursed dagger; an orc corpse
There is a stone staircase leading down here.
You climb downwards.
The ogre hits you with a giant club! The rat barely misses you.
There is a stone staircase leading up, spattered with blood here.
Unknown command.
The rat closely misses you. The ogre hits you with a giant club!!
Ouch! That really hurt!
You die...

#.......##
#........
#........ ##
#.......# ...
#.......# ....
#....... .....
#....rO#......
#.....@...#
........####
.........
########## ...
#.. .....


You could see an ogre and a rat.

Vanquished Creatures
  A hound (D:3)
  2 orc wizards
  A worker ant (D:2)
  5 adders
  3 worms (D:2)
  4 giant geckos
  4 orcs
  3 ball pythons
  3 giant cockroaches
  9 hobgoblins
  13 kobolds
  5 quokkas
  6 bats
  3 giant newts
  8 goblins
  4 jackals (D:3)
  7 rats
81 creatures vanquished.

Notes
Turn   | Place    | Note
--------------------------------------------------------------
     0 | D:1      | inmateoo the Draconian Conjurer began the quest for the Orb.
     0 | D:1      | Reached XP level 1. HP: 14/14 MP: 3/3
   231 | D:1      | Reached skill level 1 in Unarmed Combat
   521 | D:1      | Reached XP level 2. HP: 20/20 MP: 1/5
   878 | D:1      | Learned a level 2 spell: Searing Ray
  1107 | D:2      | Found a shattered altar of Ashenzari.
  1262 | D:2      | Became a worshipper of Ashenzari the Shackled
  1434 | D:2      | Reached XP level 3. HP: 20/26 MP: 1/6
  2115 | D:2      | Reached XP level 4. HP: 33/33 MP: 2/7
  2423 | D:2      | Learned a level 3 spell: Dazzling Spray
  3421 | D:3      | Reached XP level 5. HP: 38/38 MP: 3/8
  3902 | D:4      | Gained mutation: You can translocate small distances at will. [potion of mutation]
  3902 | D:4      | Gained mutation: Your flesh is heat resistant. [potion of mutation]
  3922 | D:3      | Reached skill level 5 in Conjurations
  4340 | D:4      | Noticed a slave
  4394 | D:4      | Noticed an ogre
  4465 | D:4      | Mangled by an ogre

Vault maps used:
D:1:      lightli_arrival_noodles
D:2:      evilmike_ruin_ashenzari
D:4:      grunt_ministairs_12, cheibriados_altar_1, uniq_natasha, uniq_pikel,
          uniq_grinder

Action                   |  1- 3 |  4- 6 || total
-------------------------+-------+-------++-------
Melee: Club              |     6 |     6 ||    12
       Unarmed           |     2 |     7 ||     9
       Falchion          |       |     8 ||     8
 Cast: Magic Dart        |    81 |    77 ||   158
       Searing Ray       |     2 |     7 ||     9
  Use: Scroll            |     4 |     7 ||    11
       Potion            |       |     1 ||     1
  Eat: Chunk             |     5 |     9 ||    14
